 Dungeon Crawl Stone Soup version 0.29.0-4-gdea44cf6ec (webtiles) character file.

Game seed: 17691365949295047388

1864 qw the Grappler (level 8, 78/78 HPs)
             Began as a Troll Cinder Acolyte on Sept 1, 2022.
             Was an Elder of Ignis.
             Quit the game on level 7 of the Dungeon.
             The game lasted 00:11:57 (7081 turns).

qw the Grappler (Troll Cinder Acolyte)              Turns: 7081, Time: 00:11:57

Health: 78/78      AC:  4    Str: 25    XL:     8   Next: 90%
Magic:  8/8        EV:  9    Int: 10    God:    Ignis [****..]
Gold:   386        SH:  0    Dex:  5    Spells: 9/9 levels left

rFire   + . .      SeeInvis .     - Unarmed
rCold   . . .      Faith    .   (no shield)
rNeg    . . .      Spirit   .   a - +0 robe
rPois   .          Reflect  .   (helmet restricted)
rElec   .          Harm     .   (no cloak)
rCorr   .          Rampage  .   (gloves unavailable)
Will    .....                   (boots unavailable)
Stlth   +.........              (no amulet)
HPRegen 1.03/turn               (no ring)
MPRegen 0.11/turn               (no ring)

@: no status effects
A: large, unfitting armour, claws 3, regeneration 1, shaggy fur 1, tough skin 1
a: Renounce Religion, Fiery Armour, Foxfire Swarm, Rising Flame


You were on level 7 of the Dungeon.
You worshipped Ignis.
Ignis was greatly pleased with you.
You visited 1 branch of the dungeon, and saw 7 of its levels.

You collected 386 gold pieces.


Innate Abilities, Weirdness & Mutations

You are too large for most types of armour.
You have claws for hands.
Your natural rate of healing is unusually fast.
You are covered in fur. (AC +1)
You have tough skin. (AC +1)


   Skills:
 - Level 4.2 Fighting
 - Level 1.1 Throwing
 - Level 1.1 Dodging
 + Level 10.9 Unarmed Combat
 - Level 1.0 Spellcasting
 - Level 2.1 Fire Magic


You had 9 spell levels left.
You didn't know any spells.
Your spell library contained the following spells:

 Spells                   Type           Power      Damage    Failure   Level
 Scorch                   Fire           8%         2d5       22%         2

Inventory:

Missiles
 h - 2 boomerangs (quivered)
Armour
 a - a +0 robe (worn)
Jewellery
 d - a ring of ice
Scrolls
 f - a scroll of enchant armour
 g - a scroll of enchant weapon
 l - a scroll of identify
Potions
 b - a potion of brilliance {unknown}
 c - 4 potions of curing
 e - a potion of resistance
 i - a potion of haste {unknown}
 k - a potion of heal wounds

Dungeon Overview and Level Annotations

Branches:
Dungeon (7/15)             Temple (0/1) D:5

Altars:
Cheibriados
Okawaru
Uskayaw
The Shining One


Message History

You see here a scroll of identify.
A wyvern is nearby!
A wyvern is nearby!
7068 ||| Stepping randomly (stuck).
A wyvern is nearby!
A wyvern is nearby!
7069 ||| Stepping randomly (stuck).
You see here a scroll of identify.
A wyvern is nearby!
A wyvern is nearby!
7070 ||| Stepping randomly (stuck).
You see here a scroll of identify.
A wyvern is nearby!
A wyvern is nearby!
7072 ||| Stepping randomly (stuck).
A wyvern is nearby!
A wyvern is nearby!
7073 ||| Stepping randomly (stuck).
You see here a scroll of identify.
A wyvern is nearby!
A wyvern is nearby!
7074 ||| Stepping randomly (stuck).
You see here a scroll of identify.
A wyvern is nearby!
A wyvern is nearby!
7076 ||| Stepping randomly (stuck).
A wyvern is nearby!
A wyvern is nearby!
7077 ||| Stepping randomly (stuck).
You see here a scroll of identify.
A wyvern is nearby!
A wyvern is nearby!
7078 ||| Stepping randomly (stuck).
You see here a scroll of identify.
A wyvern is nearby!
A wyvern is nearby!
7080 ||| Stepping randomly (stuck).
A wyvern is nearby!
A wyvern is nearby!
Are you sure you want to abandon this character and quit the game? (Confirm with "yes".)

#..# ... .. #.#
...## ..# ... #.#
...# .. .... #.#
..##.##..# #.#
####..#.#..#### #.#
!.#..#.#..#.) #.# #.
#.#..#.#..#.# #.#
#..#.#...#...#.# #.#
#....#.?@#...#l. #.#
##..##...#...##. #.#
## #....#....# #.#
###.....### #.#
#####...########.##
..$..............<.#
#######...........##
..........#######
#########.#


You could see a wyvern.

Vanquished Creatures
  Prince Ribbit (D:5)
  Sigmund (D:3)
  Eustachio (D:5)
  An orc warrior (D:7)
  2 black bears
  2 ogres
  A phantom (D:7)
  A necrophage (D:5)
  3 scorpions
  A howler monkey (D:6)
  4 hounds
  3 orc priests
  5 iguanas
  Natasha (twice) (D:3)
  Ijyb (D:3)
  An orc wizard (D:2)
  4 adders
  6 gnolls
  An ufetubus (D:4)
  3 worms
  3 dart slugs
  7 orcs
  5 bats
  4 endoplasms
  A giant cockroach (D:3)
  5 goblins
  6 hobgoblins
  3 jackals (D:1)
  2 quokkas
  3 ball pythons
  3 frilled lizards
  4 kobolds
  2 rats
92 creatures vanquished.

Vanquished Creatures (others)
  7 plants
7 creatures vanquished.

Grand Total: 99 creatures vanquished

Notes
Turn   | Place    | Note
-------+----------+-------------------------------------------
     0 | D:1      | qw the Troll Cinder Acolyte began the quest for the Orb.
     0 | D:1      | Reached XP level 1. HP: 22/22 MP: 1/1
     0 | D:1      | 0 ||| qw: Version: 0.1-a-97-g2dd2ca4
     0 | D:1      | 0 ||| qw: Game counter: 4735
     0 | D:1      | 0 ||| qw: Always use a shield: true
     0 | D:1      | 0 ||| qw: God list: Okawaru
     0 | D:1      | 0 ||| qw: Allow faded altars: false
     0 | D:1      | 0 ||| qw: Do Orc after D:15 true
     0 | D:1      | 0 ||| qw: Do second Lair branch before Depths: true
     0 | D:1      | 0 ||| qw: Lair rune preference: random
     0 | D:1      | 0 ||| qw: Plans: Normal
     0 | D:1      | 0 ||| PLANNING D:1-11
   326 | D:1      | 326 ||| Stepping ~*~*~tactically~*~*~ (stealth).
   374 | D:1      | Reached XP level 2. HP: 29/29 MP: 2/2
   445 | D:1      | 445 ||| Stepping ~*~*~tactically~*~*~ (stealth).
   832 | D:1      | 832 ||| READING scroll labelled JUYHUI AFFILL.
   833 | D:1      | 833 ||| READING 2 scrolls labelled VEMATWEIXI.
   834 | D:1      | 834 ||| READING scroll labelled IKKIRO XUPP.
   839 | D:1      | 839 ||| DROPPING scroll of poison.
   925 | D:2      | 925 ||| Stepping ~*~*~tactically~*~*~ (stealth).
   932 | D:2      | Reached skill level 4 in Unarmed Combat
  1086 | D:2      | 1086 ||| Stepping ~*~*~tactically~*~*~ (stealth).
  1095 | D:2      | Reached XP level 3. HP: 34/36 MP: 3/3
  1102 | D:2      | 1102 ||| Stepping ~*~*~tactically~*~*~ (hiding).
  1103 | D:2      | 1103 ||| Stepping ~*~*~tactically~*~*~ (hiding).
  1109 | D:2      | 1109 ||| Stepping ~*~*~tactically~*~*~ (stealth).
  1111 | D:2      | 1111 ||| Stepping ~*~*~tactically~*~*~ (stealth).
  1205 | D:2      | 1205 ||| Stepping ~*~*~tactically~*~*~ (stealth).
  1207 | D:2      | 1207 ||| Stepping ~*~*~tactically~*~*~ (hiding).
  1324 | D:2      | 1324 ||| Stepping ~*~*~tactically~*~*~ (stealth).
  1325 | D:2      | 1325 ||| Stepping ~*~*~tactically~*~*~ (stealth).
  1496 | D:2      | 1496 ||| Stepping ~*~*~tactically~*~*~ (stealth).
  1499 | D:2      | Reached XP level 4. HP: 44/44 MP: 4/4
  1631 | D:2      | Found a faded altar of an unknown god.
  1675 | D:2      | 1675 ||| READING scroll labelled AHESYF ITUI.
  1676 | D:2      | 1676 ||| READING scroll labelled LIEDGH VUSO.
  1677 | D:2      | 1677 ||| DRINKING 2 golden potions.
  1702 | D:3      | Reached skill level 5 in Unarmed Combat
  1713 | D:3      | Noticed an ogre
  1715 | D:3      | 1715 ||| Stepping ~*~*~tactically~*~*~ (stealth).
  1717 | D:3      | 1717 ||| Stepping ~*~*~tactically~*~*~ (stealth).
  1718 | D:3      | 1718 ||| STAIRDANCE
  1721 | D:2      | 1721 ||| INVOKING Fiery Armour.
  1723 | D:2      | Killed an ogre
  1724 | D:2      | Reached XP level 5. HP: 26/50 MP: 5/5
  1751 | D:3      | Reached skill level 6 in Unarmed Combat
  1786 | D:3      | 1786 ||| Stepping ~*~*~tactically~*~*~ (stealth).
  1790 | D:3      | 1790 ||| Stepping ~*~*~tactically~*~*~ (outnumbered).
  1795 | D:3      | 1795 ||| Stepping ~*~*~tactically~*~*~ (outnumbered).
  1797 | D:3      | 1797 ||| Stepping ~*~*~tactically~*~*~ (outnumbered).
  1799 | D:3      | 1799 ||| Stepping ~*~*~tactically~*~*~ (outnumbered).
  1800 | D:3      | 1800 ||| Stepping ~*~*~tactically~*~*~ (outnumbered).
  1801 | D:3      | 1801 ||| Stepping ~*~*~tactically~*~*~ (outnumbered).
  1802 | D:3      | 1802 ||| Stepping ~*~*~tactically~*~*~ (outnumbered).
  1882 | D:3      | Noticed Natasha
  1891 | D:3      | Killed Natasha
  1944 | D:3      | Found an iron altar of Okawaru.
  2011 | D:3      | Noticed Sigmund
  2012 | D:3      | 2012 ||| Stepping ~*~*~tactically~*~*~ (stealth).
  2015 | D:3      | 2015 ||| Stepping ~*~*~tactically~*~*~ (stealth).
  2016 | D:3      | 2016 ||| Stepping ~*~*~tactically~*~*~ (stealth).
  2018 | D:3      | 2018 ||| DRINKING 3 potions of curing.
  2018 | D:3      | 2018 ||| (to cure confusion)
  2033 | D:3      | Killed Sigmund
  2034 | D:3      | Reached skill level 7 in Unarmed Combat
  2034 | D:3      | Reached XP level 6. HP: 22/59 MP: 6/6
  2055 | D:3      | 2055 ||| FLEEEEING.
  2056 | D:3      | 2056 ||| FLEEEEING.
  2057 | D:3      | 2057 ||| FLEEEEING.
  2058 | D:3      | 2058 ||| FLEEEEING.
  2061 | D:3      | 2061 ||| FLEEEEING.
  2062 | D:3      | 2062 ||| FLEEEEING.
  2063 | D:3      | 2063 ||| FLEEEEING.
  2064 | D:3      | 2064 ||| FLEEEEING.
  2065 | D:3      | 2065 ||| FLEEEEING.
  2174 | D:3      | Noticed Ijyb
  2181 | D:3      | Killed Ijyb
  2400 | D:3      | Noticed Natasha
  2402 | D:3      | 2402 ||| INVOKING Fiery Armour.
  2405 | D:3      | Killed Natasha
  2407 | D:3      | 2407 ||| Stepping ~*~*~tactically~*~*~ (hiding).
  2445 | D:3      | Reached skill level 8 in Unarmed Combat
  2545 | D:3      | 2545 ||| READING scroll labelled QYBIQO YTOA.
  2546 | D:3      | 2546 ||| READING 2 scrolls labelled FEUNUO OC VOHU.
  2547 | D:3      | 2547 ||| READING scroll labelled FEAFIU QAREATAS.
  2548 | D:3      | 2548 ||| READING scroll labelled FEL BO CESHAG.
  2664 | D:4      | Found a snail-covered altar of Cheibriados.
  2777 | D:4      | Reached XP level 7. HP: 66/66 MP: 7/7
  2779 | D:4      | 2779 ||| Stepping ~*~*~tactically~*~*~ (outnumbered).
  2857 | D:4      | 2857 ||| FLEEEEING.
  2884 | D:4      | Reached skill level 3 in Fighting
  3281 | D:4      | Found a glowing golden altar of the Shining One.
  3346 | D:4      | 3346 ||| READING scroll labelled YDUCAQ ORE.
  3347 | D:4      | 3347 ||| READING scroll labelled OKUOCOOLUR.
  3379 | D:4      | 3379 ||| DRINKING 2 sapphire potions.
  3380 | D:4      | 3380 ||| DRINKING 2 amethyst potions.
  3485 | D:4      | 3485 ||| READING 3 scrolls of identify.
  3485 | D:4      | 3485 ||| IDENTIFYING fuming pink potion
  3486 | D:4      | 3486 ||| READING 2 scrolls of identify.
  3486 | D:4      | 3486 ||| IDENTIFYING green potion
  3487 | D:4      | 3487 ||| DROPPING potion of invisibility.
  3488 | D:4      | 3488 ||| DROPPING potion of berserk rage.
  3515 | D:5      | Entered Level 5 of the Dungeon
  3515 | D:5      | Noticed Eustachio
  3521 | D:5      | 3521 ||| Stepping randomly (stuck).
  3522 | D:5      | 3522 ||| Stepping randomly (stuck).
  3528 | D:5      | Killed Eustachio
  3536 | D:5      | Noticed Prince Ribbit
  3542 | D:5      | 3542 ||| FLEEEEING.
  3566 | D:5      | 3566 ||| INVOKING Fiery Armour.
  3567 | D:5      | HP: 6/67 [Prince Ribbit (13)]
  3568 | D:5      | 3568 ||| DRINKING potion of heal wounds.
  3569 | D:5      | 3569 ||| FLEEEEING.
  3572 | D:5      | 3572 ||| FLEEEEING.
  3573 | D:5      | 3573 ||| FLEEEEING.
  3576 | D:5      | 3576 ||| FLEEEEING.
  3577 | D:5      | 3577 ||| STAIRDANCE
  3606 | D:5      | Killed Prince Ribbit
  3607 | D:5      | Reached skill level 9 in Unarmed Combat
  3607 | D:5      | 3607 ||| STAIRDANCE
  3641 | D:5      | Found a staircase to the Ecumenical Temple.
  3709 | D:5      | Reached skill level 1 in Throwing
  3709 | D:5      | Reached XP level 8. HP: 75/75 MP: 8/8
  3720 | D:5      | Reached skill level 1 in Dodging
  3829 | D:5      | 3829 ||| FLEEEEING.
  3830 | D:5      | 3830 ||| FLEEEEING.
  3831 | D:5      | 3831 ||| FLEEEEING.
  3832 | D:5      | 3832 ||| FLEEEEING.
  3833 | D:5      | 3833 ||| FLEEEEING.
  3835 | D:5      | 3835 ||| FLEEEEING.
  3836 | D:5      | 3836 ||| FLEEEEING.
  3837 | D:5      | 3837 ||| FLEEEEING.
  3838 | D:5      | 3838 ||| STAIRDANCE
  4023 | D:5      | Found a hide-covered altar of Uskayaw.
  4655 | D:6      | Reached skill level 10 in Unarmed Combat
  4861 | D:6      | 4861 ||| Stepping ~*~*~tactically~*~*~ (hiding).
  4863 | D:6      | 4863 ||| Stepping ~*~*~tactically~*~*~ (hiding).
  5050 | D:6      | 5050 ||| Stepping ~*~*~tactically~*~*~ (stealth).
  5051 | D:6      | 5051 ||| Stepping ~*~*~tactically~*~*~ (stealth).
  5186 | D:6      | 5186 ||| Stepping ~*~*~tactically~*~*~ (stealth).
  5305 | D:7      | 5305 ||| INVOKING Fiery Armour.
  5538 | D:7      | 5538 ||| Stepping randomly (stuck).
  5540 | D:7      | 5540 ||| Stepping randomly (stuck).
  5542 | D:7      | 5542 ||| Stepping randomly (stuck).
  5544 | D:7      | 5544 ||| Stepping randomly (stuck).
  5545 | D:7      | 5545 ||| Stepping randomly (stuck).
  5547 | D:7      | 5547 ||| Stepping randomly (stuck).
  5549 | D:7      | 5549 ||| Stepping randomly (stuck).
  5551 | D:7      | 5551 ||| Stepping randomly (stuck).
  5553 | D:7      | 5553 ||| Stepping randomly (stuck).
  5555 | D:7      | 5555 ||| Stepping randomly (stuck).
  5556 | D:7      | 5556 ||| Stepping randomly (stuck).
  5558 | D:7      | 5558 ||| Stepping randomly (stuck).
  5559 | D:7      | 5559 ||| Stepping randomly (stuck).
  5560 | D:7      | 5560 ||| Stepping randomly (stuck).
  5561 | D:7      | 5561 ||| Stepping randomly (stuck).
  5562 | D:7      | 5562 ||| Stepping randomly (stuck).
  5563 | D:7      | 5563 ||| Stepping randomly (stuck).
  5565 | D:7      | 5565 ||| Stepping randomly (stuck).
  5566 | D:7      | 5566 ||| Stepping randomly (stuck).
  5568 | D:7      | 5568 ||| Stepping randomly (stuck).
  5570 | D:7      | 5570 ||| Stepping randomly (stuck).
  5572 | D:7      | 5572 ||| Stepping randomly (stuck).
  5573 | D:7      | 5573 ||| Stepping randomly (stuck).
  5575 | D:7      | 5575 ||| Stepping randomly (stuck).
  5576 | D:7      | 5576 ||| Stepping randomly (stuck).
  5577 | D:7      | 5577 ||| Stepping randomly (stuck).
  5578 | D:7      | 5578 ||| Stepping randomly (stuck).
  5580 | D:7      | 5580 ||| Stepping randomly (stuck).
  5582 | D:7      | 5582 ||| Stepping randomly (stuck).
  5584 | D:7      | 5584 ||| Stepping randomly (stuck).
  5586 | D:7      | 5586 ||| Stepping randomly (stuck).
  5588 | D:7      | 5588 ||| Stepping randomly (stuck).
  5590 | D:7      | 5590 ||| Stepping randomly (stuck).
  5592 | D:7      | 5592 ||| Stepping randomly (stuck).
  5593 | D:7      | 5593 ||| Stepping randomly (stuck).
  5595 | D:7      | 5595 ||| Stepping randomly (stuck).
  5597 | D:7      | 5597 ||| Stepping randomly (stuck).
  5599 | D:7      | 5599 ||| Stepping randomly (stuck).
  5600 | D:7      | 5600 ||| Stepping randomly (stuck).
  5601 | D:7      | 5601 ||| Stepping randomly (stuck).
  5602 | D:7      | 5602 ||| Stepping randomly (stuck).
  5604 | D:7      | 5604 ||| Stepping randomly (stuck).
  5606 | D:7      | 5606 ||| Stepping randomly (stuck).
  5608 | D:7      | 5608 ||| Stepping randomly (stuck).
  5610 | D:7      | 5610 ||| Stepping randomly (stuck).
  5612 | D:7      | 5612 ||| Stepping randomly (stuck).
  5614 | D:7      | 5614 ||| Stepping randomly (stuck).
  5615 | D:7      | 5615 ||| Stepping randomly (stuck).
  5616 | D:7      | 5616 ||| Stepping randomly (stuck).
  5618 | D:7      | 5618 ||| Stepping randomly (stuck).
  5620 | D:7      | 5620 ||| Stepping randomly (stuck).
  5621 | D:7      | 5621 ||| Stepping randomly (stuck).
  5622 | D:7      | 5622 ||| Stepping randomly (stuck).
  5624 | D:7      | 5624 ||| Stepping randomly (stuck).
  5625 | D:7      | 5625 ||| Stepping randomly (stuck).
  5627 | D:7      | 5627 ||| Stepping randomly (stuck).
  5629 | D:7      | 5629 ||| Stepping randomly (stuck).
  5631 | D:7      | 5631 ||| Stepping randomly (stuck).
  5633 | D:7      | 5633 ||| Stepping randomly (stuck).
  5635 | D:7      | 5635 ||| Stepping randomly (stuck).
  5636 | D:7      | 5636 ||| Stepping randomly (stuck).
  5637 | D:7      | 5637 ||| Stepping randomly (stuck).
  5638 | D:7      | 5638 ||| Stepping randomly (stuck).
  5639 | D:7      | 5639 ||| Stepping randomly (stuck).
  5640 | D:7      | 5640 ||| Stepping randomly (stuck).
  5642 | D:7      | 5642 ||| Stepping randomly (stuck).
  5643 | D:7      | 5643 ||| Stepping randomly (stuck).
  5644 | D:7      | 5644 ||| Stepping randomly (stuck).
  5646 | D:7      | 5646 ||| Stepping randomly (stuck).
  5648 | D:7      | 5648 ||| Stepping randomly (stuck).
  5649 | D:7      | 5649 ||| Stepping randomly (stuck).
  5650 | D:7      | 5650 ||| Stepping randomly (stuck).
  5651 | D:7      | 5651 ||| Stepping randomly (stuck).
  5653 | D:7      | 5653 ||| Stepping randomly (stuck).
  5654 | D:7      | 5654 ||| Stepping randomly (stuck).
  5656 | D:7      | 5656 ||| Stepping randomly (stuck).
  5658 | D:7      | 5658 ||| Stepping randomly (stuck).
  5660 | D:7      | 5660 ||| Stepping randomly (stuck).
  5662 | D:7      | 5662 ||| Stepping randomly (stuck).
  5664 | D:7      | 5664 ||| Stepping randomly (stuck).
  5665 | D:7      | 5665 ||| Stepping randomly (stuck).
  5666 | D:7      | 5666 ||| Stepping randomly (stuck).
  5667 | D:7      | 5667 ||| Stepping randomly (stuck).
  5669 | D:7      | 5669 ||| Stepping randomly (stuck).
  5671 | D:7      | 5671 ||| Stepping randomly (stuck).
  5673 | D:7      | 5673 ||| Stepping randomly (stuck).
  5675 | D:7      | 5675 ||| Stepping randomly (stuck).
  5676 | D:7      | 5676 ||| Stepping randomly (stuck).
  5678 | D:7      | 5678 ||| Stepping randomly (stuck).
  5679 | D:7      | 5679 ||| Stepping randomly (stuck).
  5680 | D:7      | 5680 ||| Stepping randomly (stuck).
  5681 | D:7      | 5681 ||| Stepping randomly (stuck).
  5683 | D:7      | 5683 ||| Stepping randomly (stuck).
  5684 | D:7      | 5684 ||| Stepping randomly (stuck).
  5686 | D:7      | 5686 ||| Stepping randomly (stuck).
  5687 | D:7      | 5687 ||| Stepping randomly (stuck).
  5688 | D:7      | 5688 ||| Stepping randomly (stuck).
  5690 | D:7      | 5690 ||| Stepping randomly (stuck).
  5691 | D:7      | 5691 ||| Stepping randomly (stuck).
  5693 | D:7      | 5693 ||| Stepping randomly (stuck).
  5694 | D:7      | 5694 ||| Stepping randomly (stuck).
  5695 | D:7      | 5695 ||| Stepping randomly (stuck).
  5697 | D:7      | 5697 ||| Stepping randomly (stuck).
  5698 | D:7      | 5698 ||| Stepping randomly (stuck).
  5699 | D:7      | 5699 ||| Stepping randomly (stuck).
  5701 | D:7      | 5701 ||| Stepping randomly (stuck).
  5703 | D:7      | 5703 ||| Stepping randomly (stuck).
  5705 | D:7      | 5705 ||| Stepping randomly (stuck).
  5707 | D:7      | 5707 ||| Stepping randomly (stuck).
  5709 | D:7      | 5709 ||| Stepping randomly (stuck).
  5711 | D:7      | 5711 ||| Stepping randomly (stuck).
  5713 | D:7      | 5713 ||| Stepping randomly (stuck).
  5715 | D:7      | 5715 ||| Stepping randomly (stuck).
  5717 | D:7      | 5717 ||| Stepping randomly (stuck).
  5719 | D:7      | 5719 ||| Stepping randomly (stuck).
  5720 | D:7      | 5720 ||| Stepping randomly (stuck).
  5722 | D:7      | 5722 ||| Stepping randomly (stuck).
  5723 | D:7      | 5723 ||| Stepping randomly (stuck).
  5724 | D:7      | 5724 ||| Stepping randomly (stuck).
  5725 | D:7      | 5725 ||| Stepping randomly (stuck).
  5727 | D:7      | 5727 ||| Stepping randomly (stuck).
  5728 | D:7      | 5728 ||| Stepping randomly (stuck).
  5729 | D:7      | 5729 ||| Stepping randomly (stuck).
  5731 | D:7      | 5731 ||| Stepping randomly (stuck).
  5732 | D:7      | 5732 ||| Stepping randomly (stuck).
  5733 | D:7      | 5733 ||| Stepping randomly (stuck).
  5734 | D:7      | 5734 ||| Stepping randomly (stuck).
  5735 | D:7      | 5735 ||| Stepping randomly (stuck).
  5737 | D:7      | 5737 ||| Stepping randomly (stuck).
  5739 | D:7      | 5739 ||| Stepping randomly (stuck).
  5740 | D:7      | 5740 ||| Stepping randomly (stuck).
  5741 | D:7      | 5741 ||| Stepping randomly (stuck).
  5742 | D:7      | 5742 ||| Stepping randomly (stuck).
  5743 | D:7      | 5743 ||| Stepping randomly (stuck).
  5745 | D:7      | 5745 ||| Stepping randomly (stuck).
  5747 | D:7      | 5747 ||| Stepping randomly (stuck).
  5749 | D:7      | 5749 ||| Stepping randomly (stuck).
  5751 | D:7      | 5751 ||| Stepping randomly (stuck).
  5752 | D:7      | 5752 ||| Stepping randomly (stuck).
  5753 | D:7      | 5753 ||| Stepping randomly (stuck).
  5755 | D:7      | 5755 ||| Stepping randomly (stuck).
  5757 | D:7      | 5757 ||| Stepping randomly (stuck).
  5759 | D:7      | 5759 ||| Stepping randomly (stuck).
  5760 | D:7      | 5760 ||| Stepping randomly (stuck).
  5761 | D:7      | 5761 ||| Stepping randomly (stuck).
  5763 | D:7      | 5763 ||| Stepping randomly (stuck).
  5765 | D:7      | 5765 ||| Stepping randomly (stuck).
  5767 | D:7      | 5767 ||| Stepping randomly (stuck).
  5768 | D:7      | 5768 ||| Stepping randomly (stuck).
  5769 | D:7      | 5769 ||| Stepping randomly (stuck).
  5770 | D:7      | 5770 ||| Stepping randomly (stuck).
  5772 | D:7      | 5772 ||| Stepping randomly (stuck).
  5774 | D:7      | 5774 ||| Stepping randomly (stuck).
  5775 | D:7      | 5775 ||| Stepping randomly (stuck).
  5776 | D:7      | 5776 ||| Stepping randomly (stuck).
  5778 | D:7      | 5778 ||| Stepping randomly (stuck).
  5780 | D:7      | 5780 ||| Stepping randomly (stuck).
  5781 | D:7      | 5781 ||| Stepping randomly (stuck).
  5783 | D:7      | 5783 ||| Stepping randomly (stuck).
  5785 | D:7      | 5785 ||| Stepping randomly (stuck).
  5787 | D:7      | 5787 ||| Stepping randomly (stuck).
  5789 | D:7      | 5789 ||| Stepping randomly (stuck).
  5791 | D:7      | 5791 ||| Stepping randomly (stuck).
  5792 | D:7      | 5792 ||| Stepping randomly (stuck).
  5793 | D:7      | 5793 ||| Stepping randomly (stuck).
  5794 | D:7      | 5794 ||| Stepping randomly (stuck).
  5795 | D:7      | 5795 ||| Stepping randomly (stuck).
  5796 | D:7      | 5796 ||| Stepping randomly (stuck).
  5798 | D:7      | 5798 ||| Stepping randomly (stuck).
  5800 | D:7      | 5800 ||| Stepping randomly (stuck).
  5802 | D:7      | 5802 ||| Stepping randomly (stuck).
  5804 | D:7      | 5804 ||| Stepping randomly (stuck).
  5806 | D:7      | 5806 ||| Stepping randomly (stuck).
  5808 | D:7      | 5808 ||| Stepping randomly (stuck).
  5810 | D:7      | 5810 ||| Stepping randomly (stuck).
  5812 | D:7      | 5812 ||| Stepping randomly (stuck).
  5814 | D:7      | 5814 ||| Stepping randomly (stuck).
  5815 | D:7      | 5815 ||| Stepping randomly (stuck).
  5817 | D:7      | 5817 ||| Stepping randomly (stuck).
  5819 | D:7      | 5819 ||| Stepping randomly (stuck).
  5821 | D:7      | 5821 ||| Stepping randomly (stuck).
  5823 | D:7      | 5823 ||| Stepping randomly (stuck).
  5824 | D:7      | 5824 ||| Stepping randomly (stuck).
  5826 | D:7      | 5826 ||| Stepping randomly (stuck).
  5828 | D:7      | 5828 ||| Stepping randomly (stuck).
  5829 | D:7      | 5829 ||| Stepping randomly (stuck).
  5831 | D:7      | 5831 ||| Stepping randomly (stuck).
  5832 | D:7      | 5832 ||| Stepping randomly (stuck).
  5833 | D:7      | 5833 ||| Stepping randomly (stuck).
  5835 | D:7      | 5835 ||| Stepping randomly (stuck).
  5837 | D:7      | 5837 ||| Stepping randomly (stuck).
  5839 | D:7      | 5839 ||| Stepping randomly (stuck).
  5841 | D:7      | 5841 ||| Stepping randomly (stuck).
  5842 | D:7      | 5842 ||| Stepping randomly (stuck).
  5844 | D:7      | 5844 ||| Stepping randomly (stuck).
  5846 | D:7      | 5846 ||| Stepping randomly (stuck).
  5848 | D:7      | 5848 ||| Stepping randomly (stuck).
  5850 | D:7      | 5850 ||| Stepping randomly (stuck).
  5852 | D:7      | 5852 ||| Stepping randomly (stuck).
  5854 | D:7      | 5854 ||| Stepping randomly (stuck).
  5855 | D:7      | 5855 ||| Stepping randomly (stuck).
  5856 | D:7      | 5856 ||| Stepping randomly (stuck).
  5858 | D:7      | 5858 ||| Stepping randomly (stuck).
  5860 | D:7      | 5860 ||| Stepping randomly (stuck).
  5862 | D:7      | 5862 ||| Stepping randomly (stuck).
  5864 | D:7      | 5864 ||| Stepping randomly (stuck).
  5865 | D:7      | 5865 ||| Stepping randomly (stuck).
  5866 | D:7      | 5866 ||| Stepping randomly (stuck).
  5868 | D:7      | 5868 ||| Stepping randomly (stuck).
  5869 | D:7      | 5869 ||| Stepping randomly (stuck).
  5870 | D:7      | 5870 ||| Stepping randomly (stuck).
  5871 | D:7      | 5871 ||| Stepping randomly (stuck).
  5872 | D:7      | 5872 ||| Stepping randomly (stuck).
  5874 | D:7      | 5874 ||| Stepping randomly (stuck).
  5875 | D:7      | 5875 ||| Stepping randomly (stuck).
  5876 | D:7      | 5876 ||| Stepping randomly (stuck).
  5878 | D:7      | 5878 ||| Stepping randomly (stuck).
  5880 | D:7      | 5880 ||| Stepping randomly (stuck).
  5882 | D:7      | 5882 ||| Stepping randomly (stuck).
  5883 | D:7      | 5883 ||| Stepping randomly (stuck).
  5884 | D:7      | 5884 ||| Stepping randomly (stuck).
  5886 | D:7      | 5886 ||| Stepping randomly (stuck).
  5887 | D:7      | 5887 ||| Stepping randomly (stuck).
  5888 | D:7      | 5888 ||| Stepping randomly (stuck).
  5890 | D:7      | 5890 ||| Stepping randomly (stuck).
  5891 | D:7      | 5891 ||| Stepping randomly (stuck).
  5892 | D:7      | 5892 ||| Stepping randomly (stuck).
  5894 | D:7      | 5894 ||| Stepping randomly (stuck).
  5896 | D:7      | 5896 ||| Stepping randomly (stuck).
  5898 | D:7      | 5898 ||| Stepping randomly (stuck).
  5900 | D:7      | 5900 ||| Stepping randomly (stuck).
  5901 | D:7      | 5901 ||| Stepping randomly (stuck).
  5903 | D:7      | 5903 ||| Stepping randomly (stuck).
  5905 | D:7      | 5905 ||| Stepping randomly (stuck).
  5906 | D:7      | 5906 ||| Stepping randomly (stuck).
  5908 | D:7      | 5908 ||| Stepping randomly (stuck).
  5910 | D:7      | 5910 ||| Stepping randomly (stuck).
  5912 | D:7      | 5912 ||| Stepping randomly (stuck).
  5914 | D:7      | 5914 ||| Stepping randomly (stuck).
  5916 | D:7      | 5916 ||| Stepping randomly (stuck).
  5917 | D:7      | 5917 ||| Stepping randomly (stuck).
  5918 | D:7      | 5918 ||| Stepping randomly (stuck).
  5920 | D:7      | 5920 ||| Stepping randomly (stuck).
  5922 | D:7      | 5922 ||| Stepping randomly (stuck).
  5924 | D:7      | 5924 ||| Stepping randomly (stuck).
  5926 | D:7      | 5926 ||| Stepping randomly (stuck).
  5928 | D:7      | 5928 ||| Stepping randomly (stuck).
  5930 | D:7      | 5930 ||| Stepping randomly (stuck).
  5931 | D:7      | 5931 ||| Stepping randomly (stuck).
  5932 | D:7      | 5932 ||| Stepping randomly (stuck).
  5934 | D:7      | 5934 ||| Stepping randomly (stuck).
  5936 | D:7      | 5936 ||| Stepping randomly (stuck).
  5937 | D:7      | 5937 ||| Stepping randomly (stuck).
  5939 | D:7      | 5939 ||| Stepping randomly (stuck).
  5941 | D:7      | 5941 ||| Stepping randomly (stuck).
  5942 | D:7      | 5942 ||| Stepping randomly (stuck).
  5943 | D:7      | 5943 ||| Stepping randomly (stuck).
  5944 | D:7      | 5944 ||| Stepping randomly (stuck).
  5945 | D:7      | 5945 ||| Stepping randomly (stuck).
  5946 | D:7      | 5946 ||| Stepping randomly (stuck).
  5948 | D:7      | 5948 ||| Stepping randomly (stuck).
  5950 | D:7      | 5950 ||| Stepping randomly (stuck).
  5952 | D:7      | 5952 ||| Stepping randomly (stuck).
  5953 | D:7      | 5953 ||| Stepping randomly (stuck).
  5954 | D:7      | 5954 ||| Stepping randomly (stuck).
  5955 | D:7      | 5955 ||| Stepping randomly (stuck).
  5957 | D:7      | 5957 ||| Stepping randomly (stuck).
  5959 | D:7      | 5959 ||| Stepping randomly (stuck).
  5961 | D:7      | 5961 ||| Stepping randomly (stuck).
  5962 | D:7      | 5962 ||| Stepping randomly (stuck).
  5963 | D:7      | 5963 ||| Stepping randomly (stuck).
  5965 | D:7      | 5965 ||| Stepping randomly (stuck).
  5966 | D:7      | 5966 ||| Stepping randomly (stuck).
  5967 | D:7      | 5967 ||| Stepping randomly (stuck).
  5968 | D:7      | 5968 ||| Stepping randomly (stuck).
  5970 | D:7      | 5970 ||| Stepping randomly (stuck).
  5971 | D:7      | 5971 ||| Stepping randomly (stuck).
  5972 | D:7      | 5972 ||| Stepping randomly (stuck).
  5973 | D:7      | 5973 ||| Stepping randomly (stuck).
  5975 | D:7      | 5975 ||| Stepping randomly (stuck).
  5976 | D:7      | 5976 ||| Stepping randomly (stuck).
  5977 | D:7      | 5977 ||| Stepping randomly (stuck).
  5978 | D:7      | 5978 ||| Stepping randomly (stuck).
  5979 | D:7      | 5979 ||| Stepping randomly (stuck).
  5980 | D:7      | 5980 ||| Stepping randomly (stuck).
  5981 | D:7      | 5981 ||| Stepping randomly (stuck).
  5983 | D:7      | 5983 ||| Stepping randomly (stuck).
  5984 | D:7      | 5984 ||| Stepping randomly (stuck).
  5986 | D:7      | 5986 ||| Stepping randomly (stuck).
  5988 | D:7      | 5988 ||| Stepping randomly (stuck).
  5990 | D:7      | 5990 ||| Stepping randomly (stuck).
  5992 | D:7      | 5992 ||| Stepping randomly (stuck).
  5994 | D:7      | 5994 ||| Stepping randomly (stuck).
  5995 | D:7      | 5995 ||| Stepping randomly (stuck).
  5996 | D:7      | 5996 ||| Stepping randomly (stuck).
  5998 | D:7      | 5998 ||| Stepping randomly (stuck).
  5999 | D:7      | 5999 ||| Stepping randomly (stuck).
  6000 | D:7      | 6000 ||| Stepping randomly (stuck).
  6002 | D:7      | 6002 ||| Stepping randomly (stuck).
  6003 | D:7      | 6003 ||| Stepping randomly (stuck).
  6004 | D:7      | 6004 ||| Stepping randomly (stuck).
  6006 | D:7      | 6006 ||| Stepping randomly (stuck).
  6007 | D:7      | 6007 ||| Stepping randomly (stuck).
  6009 | D:7      | 6009 ||| Stepping randomly (stuck).
  6011 | D:7      | 6011 ||| Stepping randomly (stuck).
  6013 | D:7      | 6013 ||| Stepping randomly (stuck).
  6015 | D:7      | 6015 ||| Stepping randomly (stuck).
  6016 | D:7      | 6016 ||| Stepping randomly (stuck).
  6018 | D:7      | 6018 ||| Stepping randomly (stuck).
  6019 | D:7      | 6019 ||| Stepping randomly (stuck).
  6020 | D:7      | 6020 ||| Stepping randomly (stuck).
  6021 | D:7      | 6021 ||| Stepping randomly (stuck).
  6023 | D:7      | 6023 ||| Stepping randomly (stuck).
  6024 | D:7      | 6024 ||| Stepping randomly (stuck).
  6025 | D:7      | 6025 ||| Stepping randomly (stuck).
  6027 | D:7      | 6027 ||| Stepping randomly (stuck).
  6028 | D:7      | 6028 ||| Stepping randomly (stuck).
  6029 | D:7      | 6029 ||| Stepping randomly (stuck).
  6031 | D:7      | 6031 ||| Stepping randomly (stuck).
  6032 | D:7      | 6032 ||| Stepping randomly (stuck).
  6033 | D:7      | 6033 ||| Stepping randomly (stuck).
  6035 | D:7      | 6035 ||| Stepping randomly (stuck).
  6037 | D:7      | 6037 ||| Stepping randomly (stuck).
  6039 | D:7      | 6039 ||| Stepping randomly (stuck).
  6040 | D:7      | 6040 ||| Stepping randomly (stuck).
  6041 | D:7      | 6041 ||| Stepping randomly (stuck).
  6042 | D:7      | 6042 ||| Stepping randomly (stuck).
  6043 | D:7      | 6043 ||| Stepping randomly (stuck).
  6045 | D:7      | 6045 ||| Stepping randomly (stuck).
  6047 | D:7      | 6047 ||| Stepping randomly (stuck).
  6049 | D:7      | 6049 ||| Stepping randomly (stuck).
  6051 | D:7      | 6051 ||| Stepping randomly (stuck).
  6053 | D:7      | 6053 ||| Stepping randomly (stuck).
  6055 | D:7      | 6055 ||| Stepping randomly (stuck).
  6057 | D:7      | 6057 ||| Stepping randomly (stuck).
  6059 | D:7      | 6059 ||| Stepping randomly (stuck).
  6061 | D:7      | 6061 ||| Stepping randomly (stuck).
  6063 | D:7      | 6063 ||| Stepping randomly (stuck).
  6064 | D:7      | 6064 ||| Stepping randomly (stuck).
  6066 | D:7      | 6066 ||| Stepping randomly (stuck).
  6068 | D:7      | 6068 ||| Stepping randomly (stuck).
  6070 | D:7      | 6070 ||| Stepping randomly (stuck).
  6072 | D:7      | 6072 ||| Stepping randomly (stuck).
  6074 | D:7      | 6074 ||| Stepping randomly (stuck).
  6075 | D:7      | 6075 ||| Stepping randomly (stuck).
  6077 | D:7      | 6077 ||| Stepping randomly (stuck).
  6079 | D:7      | 6079 ||| Stepping randomly (stuck).
  6080 | D:7      | 6080 ||| Stepping randomly (stuck).
  6082 | D:7      | 6082 ||| Stepping randomly (stuck).
  6084 | D:7      | 6084 ||| Stepping randomly (stuck).
  6085 | D:7      | 6085 ||| Stepping randomly (stuck).
  6087 | D:7      | 6087 ||| Stepping randomly (stuck).
  6089 | D:7      | 6089 ||| Stepping randomly (stuck).
  6091 | D:7      | 6091 ||| Stepping randomly (stuck).
  6093 | D:7      | 6093 ||| Stepping randomly (stuck).
  6094 | D:7      | 6094 ||| Stepping randomly (stuck).
  6096 | D:7      | 6096 ||| Stepping randomly (stuck).
  6097 | D:7      | 6097 ||| Stepping randomly (stuck).
  6099 | D:7      | 6099 ||| Stepping randomly (stuck).
  6101 | D:7      | 6101 ||| Stepping randomly (stuck).
  6102 | D:7      | 6102 ||| Stepping randomly (stuck).
  6103 | D:7      | 6103 ||| Stepping randomly (stuck).
  6104 | D:7      | 6104 ||| Stepping randomly (stuck).
  6105 | D:7      | 6105 ||| Stepping randomly (stuck).
  6107 | D:7      | 6107 ||| Stepping randomly (stuck).
  6109 | D:7      | 6109 ||| Stepping randomly (stuck).
  6111 | D:7      | 6111 ||| Stepping randomly (stuck).
  6113 | D:7      | 6113 ||| Stepping randomly (stuck).
  6115 | D:7      | 6115 ||| Stepping randomly (stuck).
  6117 | D:7      | 6117 ||| Stepping randomly (stuck).
  6119 | D:7      | 6119 ||| Stepping randomly (stuck).
  6121 | D:7      | 6121 ||| Stepping randomly (stuck).
  6123 | D:7      | 6123 ||| Stepping randomly (stuck).
  6125 | D:7      | 6125 ||| Stepping randomly (stuck).
  6127 | D:7      | 6127 ||| Stepping randomly (stuck).
  6129 | D:7      | 6129 ||| Stepping randomly (stuck).
  6131 | D:7      | 6131 ||| Stepping randomly (stuck).
  6132 | D:7      | 6132 ||| Stepping randomly (stuck).
  6133 | D:7      | 6133 ||| Stepping randomly (stuck).
  6135 | D:7      | 6135 ||| Stepping randomly (stuck).
  6137 | D:7      | 6137 ||| Stepping randomly (stuck).
  6139 | D:7      | 6139 ||| Stepping randomly (stuck).
  6141 | D:7      | 6141 ||| Stepping randomly (stuck).
  6143 | D:7      | 6143 ||| Stepping randomly (stuck).
  6144 | D:7      | 6144 ||| Stepping randomly (stuck).
  6145 | D:7      | 6145 ||| Stepping randomly (stuck).
  6147 | D:7      | 6147 ||| Stepping randomly (stuck).
  6149 | D:7      | 6149 ||| Stepping randomly (stuck).
  6150 | D:7      | 6150 ||| Stepping randomly (stuck).
  6152 | D:7      | 6152 ||| Stepping randomly (stuck).
  6153 | D:7      | 6153 ||| Stepping randomly (stuck).
  6154 | D:7      | 6154 ||| Stepping randomly (stuck).
  6155 | D:7      | 6155 ||| Stepping randomly (stuck).
  6156 | D:7      | 6156 ||| Stepping randomly (stuck).
  6157 | D:7      | 6157 ||| Stepping randomly (stuck).
  6159 | D:7      | 6159 ||| Stepping randomly (stuck).
  6161 | D:7      | 6161 ||| Stepping randomly (stuck).
  6162 | D:7      | 6162 ||| Stepping randomly (stuck).
  6163 | D:7      | 6163 ||| Stepping randomly (stuck).
  6164 | D:7      | 6164 ||| Stepping randomly (stuck).
  6166 | D:7      | 6166 ||| Stepping randomly (stuck).
  6167 | D:7      | 6167 ||| Stepping randomly (stuck).
  6169 | D:7      | 6169 ||| Stepping randomly (stuck).
  6170 | D:7      | 6170 ||| Stepping randomly (stuck).
  6172 | D:7      | 6172 ||| Stepping randomly (stuck).
  6173 | D:7      | 6173 ||| Stepping randomly (stuck).
  6174 | D:7      | 6174 ||| Stepping randomly (stuck).
  6175 | D:7      | 6175 ||| Stepping randomly (stuck).
  6177 | D:7      | 6177 ||| Stepping randomly (stuck).
  6179 | D:7      | 6179 ||| Stepping randomly (stuck).
  6180 | D:7      | 6180 ||| Stepping randomly (stuck).
  6181 | D:7      | 6181 ||| Stepping randomly (stuck).
  6182 | D:7      | 6182 ||| Stepping randomly (stuck).
  6183 | D:7      | 6183 ||| Stepping randomly (stuck).
  6185 | D:7      | 6185 ||| Stepping randomly (stuck).
  6187 | D:7      | 6187 ||| Stepping randomly (stuck).
  6188 | D:7      | 6188 ||| Stepping randomly (stuck).
  6189 | D:7      | 6189 ||| Stepping randomly (stuck).
  6191 | D:7      | 6191 ||| Stepping randomly (stuck).
  6193 | D:7      | 6193 ||| Stepping randomly (stuck).
  6194 | D:7      | 6194 ||| Stepping randomly (stuck).
  6195 | D:7      | 6195 ||| Stepping randomly (stuck).
  6197 | D:7      | 6197 ||| Stepping randomly (stuck).
  6199 | D:7      | 6199 ||| Stepping randomly (stuck).
  6200 | D:7      | 6200 ||| Stepping randomly (stuck).
  6201 | D:7      | 6201 ||| Stepping randomly (stuck).
  6202 | D:7      | 6202 ||| Stepping randomly (stuck).
  6204 | D:7      | 6204 ||| Stepping randomly (stuck).
  6206 | D:7      | 6206 ||| Stepping randomly (stuck).
  6208 | D:7      | 6208 ||| Stepping randomly (stuck).
  6209 | D:7      | 6209 ||| Stepping randomly (stuck).
  6210 | D:7      | 6210 ||| Stepping randomly (stuck).
  6212 | D:7      | 6212 ||| Stepping randomly (stuck).
  6213 | D:7      | 6213 ||| Stepping randomly (stuck).
  6215 | D:7      | 6215 ||| Stepping randomly (stuck).
  6217 | D:7      | 6217 ||| Stepping randomly (stuck).
  6219 | D:7      | 6219 ||| Stepping randomly (stuck).
  6221 | D:7      | 6221 ||| Stepping randomly (stuck).
  6222 | D:7      | 6222 ||| Stepping randomly (stuck).
  6224 | D:7      | 6224 ||| Stepping randomly (stuck).
  6225 | D:7      | 6225 ||| Stepping randomly (stuck).
  6226 | D:7      | 6226 ||| Stepping randomly (stuck).
  6228 | D:7      | 6228 ||| Stepping randomly (stuck).
  6230 | D:7      | 6230 ||| Stepping randomly (stuck).
  6231 | D:7      | 6231 ||| Stepping randomly (stuck).
  6233 | D:7      | 6233 ||| Stepping randomly (stuck).
  6234 | D:7      | 6234 ||| Stepping randomly (stuck).
  6236 | D:7      | 6236 ||| Stepping randomly (stuck).
  6238 | D:7      | 6238 ||| Stepping randomly (stuck).
  6239 | D:7      | 6239 ||| Stepping randomly (stuck).
  6240 | D:7      | 6240 ||| Stepping randomly (stuck).
  6242 | D:7      | 6242 ||| Stepping randomly (stuck).
  6244 | D:7      | 6244 ||| Stepping randomly (stuck).
  6245 | D:7      | 6245 ||| Stepping randomly (stuck).
  6246 | D:7      | 6246 ||| Stepping randomly (stuck).
  6248 | D:7      | 6248 ||| Stepping randomly (stuck).
  6250 | D:7      | 6250 ||| Stepping randomly (stuck).
  6252 | D:7      | 6252 ||| Stepping randomly (stuck).
  6254 | D:7      | 6254 ||| Stepping randomly (stuck).
  6256 | D:7      | 6256 ||| Stepping randomly (stuck).
  6257 | D:7      | 6257 ||| Stepping randomly (stuck).
  6258 | D:7      | 6258 ||| Stepping randomly (stuck).
  6260 | D:7      | 6260 ||| Stepping randomly (stuck).
  6261 | D:7      | 6261 ||| Stepping randomly (stuck).
  6262 | D:7      | 6262 ||| Stepping randomly (stuck).
  6263 | D:7      | 6263 ||| Stepping randomly (stuck).
  6264 | D:7      | 6264 ||| Stepping randomly (stuck).
  6265 | D:7      | 6265 ||| Stepping randomly (stuck).
  6267 | D:7      | 6267 ||| Stepping randomly (stuck).
  6269 | D:7      | 6269 ||| Stepping randomly (stuck).
  6271 | D:7      | 6271 ||| Stepping randomly (stuck).
  6273 | D:7      | 6273 ||| Stepping randomly (stuck).
  6274 | D:7      | 6274 ||| Stepping randomly (stuck).
  6276 | D:7      | 6276 ||| Stepping randomly (stuck).
  6278 | D:7      | 6278 ||| Stepping randomly (stuck).
  6280 | D:7      | 6280 ||| Stepping randomly (stuck).
  6282 | D:7      | 6282 ||| Stepping randomly (stuck).
  6284 | D:7      | 6284 ||| Stepping randomly (stuck).
  6286 | D:7      | 6286 ||| Stepping randomly (stuck).
  6288 | D:7      | 6288 ||| Stepping randomly (stuck).
  6289 | D:7      | 6289 ||| Stepping randomly (stuck).
  6291 | D:7      | 6291 ||| Stepping randomly (stuck).
  6293 | D:7      | 6293 ||| Stepping randomly (stuck).
  6295 | D:7      | 6295 ||| Stepping randomly (stuck).
  6297 | D:7      | 6297 ||| Stepping randomly (stuck).
  6299 | D:7      | 6299 ||| Stepping randomly (stuck).
  6300 | D:7      | 6300 ||| Stepping randomly (stuck).
  6301 | D:7      | 6301 ||| Stepping randomly (stuck).
  6302 | D:7      | 6302 ||| Stepping randomly (stuck).
  6304 | D:7      | 6304 ||| Stepping randomly (stuck).
  6306 | D:7      | 6306 ||| Stepping randomly (stuck).
  6308 | D:7      | 6308 ||| Stepping randomly (stuck).
  6309 | D:7      | 6309 ||| Stepping randomly (stuck).
  6310 | D:7      | 6310 ||| Stepping randomly (stuck).
  6311 | D:7      | 6311 ||| Stepping randomly (stuck).
  6313 | D:7      | 6313 ||| Stepping randomly (stuck).
  6315 | D:7      | 6315 ||| Stepping randomly (stuck).
  6316 | D:7      | 6316 ||| Stepping randomly (stuck).
  6318 | D:7      | 6318 ||| Stepping randomly (stuck).
  6319 | D:7      | 6319 ||| Stepping randomly (stuck).
  6321 | D:7      | 6321 ||| Stepping randomly (stuck).
  6323 | D:7      | 6323 ||| Stepping randomly (stuck).
  6325 | D:7      | 6325 ||| Stepping randomly (stuck).
  6326 | D:7      | 6326 ||| Stepping randomly (stuck).
  6328 | D:7      | 6328 ||| Stepping randomly (stuck).
  6330 | D:7      | 6330 ||| Stepping randomly (stuck).
  6332 | D:7      | 6332 ||| Stepping randomly (stuck).
  6333 | D:7      | 6333 ||| Stepping randomly (stuck).
  6334 | D:7      | 6334 ||| Stepping randomly (stuck).
  6336 | D:7      | 6336 ||| Stepping randomly (stuck).
  6337 | D:7      | 6337 ||| Stepping randomly (stuck).
  6338 | D:7      | 6338 ||| Stepping randomly (stuck).
  6340 | D:7      | 6340 ||| Stepping randomly (stuck).
  6341 | D:7      | 6341 ||| Stepping randomly (stuck).
  6342 | D:7      | 6342 ||| Stepping randomly (stuck).
  6344 | D:7      | 6344 ||| Stepping randomly (stuck).
  6346 | D:7      | 6346 ||| Stepping randomly (stuck).
  6348 | D:7      | 6348 ||| Stepping randomly (stuck).
  6349 | D:7      | 6349 ||| Stepping randomly (stuck).
  6350 | D:7      | 6350 ||| Stepping randomly (stuck).
  6352 | D:7      | 6352 ||| Stepping randomly (stuck).
  6353 | D:7      | 6353 ||| Stepping randomly (stuck).
  6354 | D:7      | 6354 ||| Stepping randomly (stuck).
  6356 | D:7      | 6356 ||| Stepping randomly (stuck).
  6357 | D:7      | 6357 ||| Stepping randomly (stuck).
  6359 | D:7      | 6359 ||| Stepping randomly (stuck).
  6361 | D:7      | 6361 ||| Stepping randomly (stuck).
  6363 | D:7      | 6363 ||| Stepping randomly (stuck).
  6365 | D:7      | 6365 ||| Stepping randomly (stuck).
  6366 | D:7      | 6366 ||| Stepping randomly (stuck).
  6367 | D:7      | 6367 ||| Stepping randomly (stuck).
  6369 | D:7      | 6369 ||| Stepping randomly (stuck).
  6370 | D:7      | 6370 ||| Stepping randomly (stuck).
  6371 | D:7      | 6371 ||| Stepping randomly (stuck).
  6373 | D:7      | 6373 ||| Stepping randomly (stuck).
  6374 | D:7      | 6374 ||| Stepping randomly (stuck).
  6376 | D:7      | 6376 ||| Stepping randomly (stuck).
  6377 | D:7      | 6377 ||| Stepping randomly (stuck).
  6379 | D:7      | 6379 ||| Stepping randomly (stuck).
  6381 | D:7      | 6381 ||| Stepping randomly (stuck).
  6382 | D:7      | 6382 ||| Stepping randomly (stuck).
  6383 | D:7      | 6383 ||| Stepping randomly (stuck).
  6385 | D:7      | 6385 ||| Stepping randomly (stuck).
  6386 | D:7      | 6386 ||| Stepping randomly (stuck).
  6388 | D:7      | 6388 ||| Stepping randomly (stuck).
  6389 | D:7      | 6389 ||| Stepping randomly (stuck).
  6390 | D:7      | 6390 ||| Stepping randomly (stuck).
  6391 | D:7      | 6391 ||| Stepping randomly (stuck).
  6392 | D:7      | 6392 ||| Stepping randomly (stuck).
  6393 | D:7      | 6393 ||| Stepping randomly (stuck).
  6394 | D:7      | 6394 ||| Stepping randomly (stuck).
  6395 | D:7      | 6395 ||| Stepping randomly (stuck).
  6397 | D:7      | 6397 ||| Stepping randomly (stuck).
  6399 | D:7      | 6399 ||| Stepping randomly (stuck).
  6400 | D:7      | 6400 ||| Stepping randomly (stuck).
  6401 | D:7      | 6401 ||| Stepping randomly (stuck).
  6402 | D:7      | 6402 ||| Stepping randomly (stuck).
  6404 | D:7      | 6404 ||| Stepping randomly (stuck).
  6406 | D:7      | 6406 ||| Stepping randomly (stuck).
  6408 | D:7      | 6408 ||| Stepping randomly (stuck).
  6410 | D:7      | 6410 ||| Stepping randomly (stuck).
  6412 | D:7      | 6412 ||| Stepping randomly (stuck).
  6414 | D:7      | 6414 ||| Stepping randomly (stuck).
  6415 | D:7      | 6415 ||| Stepping randomly (stuck).
  6416 | D:7      | 6416 ||| Stepping randomly (stuck).
  6418 | D:7      | 6418 ||| Stepping randomly (stuck).
  6420 | D:7      | 6420 ||| Stepping randomly (stuck).
  6422 | D:7      | 6422 ||| Stepping randomly (stuck).
  6424 | D:7      | 6424 ||| Stepping randomly (stuck).
  6426 | D:7      | 6426 ||| Stepping randomly (stuck).
  6428 | D:7      | 6428 ||| Stepping randomly (stuck).
  6429 | D:7      | 6429 ||| Stepping randomly (stuck).
  6431 | D:7      | 6431 ||| Stepping randomly (stuck).
  6433 | D:7      | 6433 ||| Stepping randomly (stuck).
  6435 | D:7      | 6435 ||| Stepping randomly (stuck).
  6437 | D:7      | 6437 ||| Stepping randomly (stuck).
  6438 | D:7      | 6438 ||| Stepping randomly (stuck).
  6439 | D:7      | 6439 ||| Stepping randomly (stuck).
  6441 | D:7      | 6441 ||| Stepping randomly (stuck).
  6442 | D:7      | 6442 ||| Stepping randomly (stuck).
  6443 | D:7      | 6443 ||| Stepping randomly (stuck).
  6445 | D:7      | 6445 ||| Stepping randomly (stuck).
  6447 | D:7      | 6447 ||| Stepping randomly (stuck).
  6449 | D:7      | 6449 ||| Stepping randomly (stuck).
  6451 | D:7      | 6451 ||| Stepping randomly (stuck).
  6453 | D:7      | 6453 ||| Stepping randomly (stuck).
  6455 | D:7      | 6455 ||| Stepping randomly (stuck).
  6456 | D:7      | 6456 ||| Stepping randomly (stuck).
  6458 | D:7      | 6458 ||| Stepping randomly (stuck).
  6459 | D:7      | 6459 ||| Stepping randomly (stuck).
  6461 | D:7      | 6461 ||| Stepping randomly (stuck).
  6463 | D:7      | 6463 ||| Stepping randomly (stuck).
  6465 | D:7      | 6465 ||| Stepping randomly (stuck).
  6466 | D:7      | 6466 ||| Stepping randomly (stuck).
  6468 | D:7      | 6468 ||| Stepping randomly (stuck).
  6470 | D:7      | 6470 ||| Stepping randomly (stuck).
  6472 | D:7      | 6472 ||| Stepping randomly (stuck).
  6474 | D:7      | 6474 ||| Stepping randomly (stuck).
  6475 | D:7      | 6475 ||| Stepping randomly (stuck).
  6476 | D:7      | 6476 ||| Stepping randomly (stuck).
  6477 | D:7      | 6477 ||| Stepping randomly (stuck).
  6478 | D:7      | 6478 ||| Stepping randomly (stuck).
  6480 | D:7      | 6480 ||| Stepping randomly (stuck).
  6481 | D:7      | 6481 ||| Stepping randomly (stuck).
  6482 | D:7      | 6482 ||| Stepping randomly (stuck).
  6483 | D:7      | 6483 ||| Stepping randomly (stuck).
  6484 | D:7      | 6484 ||| Stepping randomly (stuck).
  6486 | D:7      | 6486 ||| Stepping randomly (stuck).
  6487 | D:7      | 6487 ||| Stepping randomly (stuck).
  6488 | D:7      | 6488 ||| Stepping randomly (stuck).
  6490 | D:7      | 6490 ||| Stepping randomly (stuck).
  6491 | D:7      | 6491 ||| Stepping randomly (stuck).
  6492 | D:7      | 6492 ||| Stepping randomly (stuck).
  6493 | D:7      | 6493 ||| Stepping randomly (stuck).
  6494 | D:7      | 6494 ||| Stepping randomly (stuck).
  6495 | D:7      | 6495 ||| Stepping randomly (stuck).
  6496 | D:7      | 6496 ||| Stepping randomly (stuck).
  6498 | D:7      | 6498 ||| Stepping randomly (stuck).
  6500 | D:7      | 6500 ||| Stepping randomly (stuck).
  6502 | D:7      | 6502 ||| Stepping randomly (stuck).
  6504 | D:7      | 6504 ||| Stepping randomly (stuck).
  6506 | D:7      | 6506 ||| Stepping randomly (stuck).
  6507 | D:7      | 6507 ||| Stepping randomly (stuck).
  6508 | D:7      | 6508 ||| Stepping randomly (stuck).
  6509 | D:7      | 6509 ||| Stepping randomly (stuck).
  6511 | D:7      | 6511 ||| Stepping randomly (stuck).
  6512 | D:7      | 6512 ||| Stepping randomly (stuck).
  6513 | D:7      | 6513 ||| Stepping randomly (stuck).
  6515 | D:7      | 6515 ||| Stepping randomly (stuck).
  6516 | D:7      | 6516 ||| Stepping randomly (stuck).
  6518 | D:7      | 6518 ||| Stepping randomly (stuck).
  6520 | D:7      | 6520 ||| Stepping randomly (stuck).
  6521 | D:7      | 6521 ||| Stepping randomly (stuck).
  6523 | D:7      | 6523 ||| Stepping randomly (stuck).
  6525 | D:7      | 6525 ||| Stepping randomly (stuck).
  6527 | D:7      | 6527 ||| Stepping randomly (stuck).
  6528 | D:7      | 6528 ||| Stepping randomly (stuck).
  6529 | D:7      | 6529 ||| Stepping randomly (stuck).
  6530 | D:7      | 6530 ||| Stepping randomly (stuck).
  6531 | D:7      | 6531 ||| Stepping randomly (stuck).
  6533 | D:7      | 6533 ||| Stepping randomly (stuck).
  6535 | D:7      | 6535 ||| Stepping randomly (stuck).
  6537 | D:7      | 6537 ||| Stepping randomly (stuck).
  6538 | D:7      | 6538 ||| Stepping randomly (stuck).
  6539 | D:7      | 6539 ||| Stepping randomly (stuck).
  6541 | D:7      | 6541 ||| Stepping randomly (stuck).
  6543 | D:7      | 6543 ||| Stepping randomly (stuck).
  6544 | D:7      | 6544 ||| Stepping randomly (stuck).
  6546 | D:7      | 6546 ||| Stepping randomly (stuck).
  6548 | D:7      | 6548 ||| Stepping randomly (stuck).
  6550 | D:7      | 6550 ||| Stepping randomly (stuck).
  6551 | D:7      | 6551 ||| Stepping randomly (stuck).
  6552 | D:7      | 6552 ||| Stepping randomly (stuck).
  6554 | D:7      | 6554 ||| Stepping randomly (stuck).
  6556 | D:7      | 6556 ||| Stepping randomly (stuck).
  6558 | D:7      | 6558 ||| Stepping randomly (stuck).
  6560 | D:7      | 6560 ||| Stepping randomly (stuck).
  6562 | D:7      | 6562 ||| Stepping randomly (stuck).
  6563 | D:7      | 6563 ||| Stepping randomly (stuck).
  6565 | D:7      | 6565 ||| Stepping randomly (stuck).
  6567 | D:7      | 6567 ||| Stepping randomly (stuck).
  6568 | D:7      | 6568 ||| Stepping randomly (stuck).
  6569 | D:7      | 6569 ||| Stepping randomly (stuck).
  6571 | D:7      | 6571 ||| Stepping randomly (stuck).
  6573 | D:7      | 6573 ||| Stepping randomly (stuck).
  6574 | D:7      | 6574 ||| Stepping randomly (stuck).
  6576 | D:7      | 6576 ||| Stepping randomly (stuck).
  6578 | D:7      | 6578 ||| Stepping randomly (stuck).
  6579 | D:7      | 6579 ||| Stepping randomly (stuck).
  6580 | D:7      | 6580 ||| Stepping randomly (stuck).
  6581 | D:7      | 6581 ||| Stepping randomly (stuck).
  6583 | D:7      | 6583 ||| Stepping randomly (stuck).
  6584 | D:7      | 6584 ||| Stepping randomly (stuck).
  6585 | D:7      | 6585 ||| Stepping randomly (stuck).
  6587 | D:7      | 6587 ||| Stepping randomly (stuck).
  6589 | D:7      | 6589 ||| Stepping randomly (stuck).
  6590 | D:7      | 6590 ||| Stepping randomly (stuck).
  6591 | D:7      | 6591 ||| Stepping randomly (stuck).
  6592 | D:7      | 6592 ||| Stepping randomly (stuck).
  6594 | D:7      | 6594 ||| Stepping randomly (stuck).
  6595 | D:7      | 6595 ||| Stepping randomly (stuck).
  6596 | D:7      | 6596 ||| Stepping randomly (stuck).
  6597 | D:7      | 6597 ||| Stepping randomly (stuck).
  6599 | D:7      | 6599 ||| Stepping randomly (stuck).
  6601 | D:7      | 6601 ||| Stepping randomly (stuck).
  6603 | D:7      | 6603 ||| Stepping randomly (stuck).
  6604 | D:7      | 6604 ||| Stepping randomly (stuck).
  6605 | D:7      | 6605 ||| Stepping randomly (stuck).
  6606 | D:7      | 6606 ||| Stepping randomly (stuck).
  6607 | D:7      | 6607 ||| Stepping randomly (stuck).
  6608 | D:7      | 6608 ||| Stepping randomly (stuck).
  6609 | D:7      | 6609 ||| Stepping randomly (stuck).
  6611 | D:7      | 6611 ||| Stepping randomly (stuck).
  6612 | D:7      | 6612 ||| Stepping randomly (stuck).
  6613 | D:7      | 6613 ||| Stepping randomly (stuck).
  6615 | D:7      | 6615 ||| Stepping randomly (stuck).
  6617 | D:7      | 6617 ||| Stepping randomly (stuck).
  6618 | D:7      | 6618 ||| Stepping randomly (stuck).
  6619 | D:7      | 6619 ||| Stepping randomly (stuck).
  6621 | D:7      | 6621 ||| Stepping randomly (stuck).
  6623 | D:7      | 6623 ||| Stepping randomly (stuck).
  6625 | D:7      | 6625 ||| Stepping randomly (stuck).
  6626 | D:7      | 6626 ||| Stepping randomly (stuck).
  6627 | D:7      | 6627 ||| Stepping randomly (stuck).
  6629 | D:7      | 6629 ||| Stepping randomly (stuck).
  6631 | D:7      | 6631 ||| Stepping randomly (stuck).
  6633 | D:7      | 6633 ||| Stepping randomly (stuck).
  6635 | D:7      | 6635 ||| Stepping randomly (stuck).
  6637 | D:7      | 6637 ||| Stepping randomly (stuck).
  6638 | D:7      | 6638 ||| Stepping randomly (stuck).
  6639 | D:7      | 6639 ||| Stepping randomly (stuck).
  6640 | D:7      | 6640 ||| Stepping randomly (stuck).
  6641 | D:7      | 6641 ||| Stepping randomly (stuck).
  6643 | D:7      | 6643 ||| Stepping randomly (stuck).
  6645 | D:7      | 6645 ||| Stepping randomly (stuck).
  6646 | D:7      | 6646 ||| Stepping randomly (stuck).
  6648 | D:7      | 6648 ||| Stepping randomly (stuck).
  6650 | D:7      | 6650 ||| Stepping randomly (stuck).
  6652 | D:7      | 6652 ||| Stepping randomly (stuck).
  6653 | D:7      | 6653 ||| Stepping randomly (stuck).
  6654 | D:7      | 6654 ||| Stepping randomly (stuck).
  6655 | D:7      | 6655 ||| Stepping randomly (stuck).
  6657 | D:7      | 6657 ||| Stepping randomly (stuck).
  6658 | D:7      | 6658 ||| Stepping randomly (stuck).
  6659 | D:7      | 6659 ||| Stepping randomly (stuck).
  6660 | D:7      | 6660 ||| Stepping randomly (stuck).
  6661 | D:7      | 6661 ||| Stepping randomly (stuck).
  6662 | D:7      | 6662 ||| Stepping randomly (stuck).
  6663 | D:7      | 6663 ||| Stepping randomly (stuck).
  6665 | D:7      | 6665 ||| Stepping randomly (stuck).
  6666 | D:7      | 6666 ||| Stepping randomly (stuck).
  6668 | D:7      | 6668 ||| Stepping randomly (stuck).
  6670 | D:7      | 6670 ||| Stepping randomly (stuck).
  6672 | D:7      | 6672 ||| Stepping randomly (stuck).
  6674 | D:7      | 6674 ||| Stepping randomly (stuck).
  6676 | D:7      | 6676 ||| Stepping randomly (stuck).
  6678 | D:7      | 6678 ||| Stepping randomly (stuck).
  6679 | D:7      | 6679 ||| Stepping randomly (stuck).
  6681 | D:7      | 6681 ||| Stepping randomly (stuck).
  6682 | D:7      | 6682 ||| Stepping randomly (stuck).
  6683 | D:7      | 6683 ||| Stepping randomly (stuck).
  6685 | D:7      | 6685 ||| Stepping randomly (stuck).
  6686 | D:7      | 6686 ||| Stepping randomly (stuck).
  6687 | D:7      | 6687 ||| Stepping randomly (stuck).
  6689 | D:7      | 6689 ||| Stepping randomly (stuck).
  6690 | D:7      | 6690 ||| Stepping randomly (stuck).
  6692 | D:7      | 6692 ||| Stepping randomly (stuck).
  6694 | D:7      | 6694 ||| Stepping randomly (stuck).
  6696 | D:7      | 6696 ||| Stepping randomly (stuck).
  6698 | D:7      | 6698 ||| Stepping randomly (stuck).
  6699 | D:7      | 6699 ||| Stepping randomly (stuck).
  6701 | D:7      | 6701 ||| Stepping randomly (stuck).
  6702 | D:7      | 6702 ||| Stepping randomly (stuck).
  6704 | D:7      | 6704 ||| Stepping randomly (stuck).
  6706 | D:7      | 6706 ||| Stepping randomly (stuck).
  6707 | D:7      | 6707 ||| Stepping randomly (stuck).
  6708 | D:7      | 6708 ||| Stepping randomly (stuck).
  6710 | D:7      | 6710 ||| Stepping randomly (stuck).
  6711 | D:7      | 6711 ||| Stepping randomly (stuck).
  6712 | D:7      | 6712 ||| Stepping randomly (stuck).
  6714 | D:7      | 6714 ||| Stepping randomly (stuck).
  6716 | D:7      | 6716 ||| Stepping randomly (stuck).
  6717 | D:7      | 6717 ||| Stepping randomly (stuck).
  6719 | D:7      | 6719 ||| Stepping randomly (stuck).
  6720 | D:7      | 6720 ||| Stepping randomly (stuck).
  6721 | D:7      | 6721 ||| Stepping randomly (stuck).
  6723 | D:7      | 6723 ||| Stepping randomly (stuck).
  6725 | D:7      | 6725 ||| Stepping randomly (stuck).
  6726 | D:7      | 6726 ||| Stepping randomly (stuck).
  6728 | D:7      | 6728 ||| Stepping randomly (stuck).
  6730 | D:7      | 6730 ||| Stepping randomly (stuck).
  6732 | D:7      | 6732 ||| Stepping randomly (stuck).
  6733 | D:7      | 6733 ||| Stepping randomly (stuck).
  6735 | D:7      | 6735 ||| Stepping randomly (stuck).
  6736 | D:7      | 6736 ||| Stepping randomly (stuck).
  6737 | D:7      | 6737 ||| Stepping randomly (stuck).
  6738 | D:7      | 6738 ||| Stepping randomly (stuck).
  6739 | D:7      | 6739 ||| Stepping randomly (stuck).
  6740 | D:7      | 6740 ||| Stepping randomly (stuck).
  6741 | D:7      | 6741 ||| Stepping randomly (stuck).
  6743 | D:7      | 6743 ||| Stepping randomly (stuck).
  6744 | D:7      | 6744 ||| Stepping randomly (stuck).
  6745 | D:7      | 6745 ||| Stepping randomly (stuck).
  6747 | D:7      | 6747 ||| Stepping randomly (stuck).
  6748 | D:7      | 6748 ||| Stepping randomly (stuck).
  6749 | D:7      | 6749 ||| Stepping randomly (stuck).
  6751 | D:7      | 6751 ||| Stepping randomly (stuck).
  6753 | D:7      | 6753 ||| Stepping randomly (stuck).
  6755 | D:7      | 6755 ||| Stepping randomly (stuck).
  6756 | D:7      | 6756 ||| Stepping randomly (stuck).
  6757 | D:7      | 6757 ||| Stepping randomly (stuck).
  6759 | D:7      | 6759 ||| Stepping randomly (stuck).
  6761 | D:7      | 6761 ||| Stepping randomly (stuck).
  6762 | D:7      | 6762 ||| Stepping randomly (stuck).
  6764 | D:7      | 6764 ||| Stepping randomly (stuck).
  6765 | D:7      | 6765 ||| Stepping randomly (stuck).
  6767 | D:7      | 6767 ||| Stepping randomly (stuck).
  6768 | D:7      | 6768 ||| Stepping randomly (stuck).
  6769 | D:7      | 6769 ||| Stepping randomly (stuck).
  6771 | D:7      | 6771 ||| Stepping randomly (stuck).
  6772 | D:7      | 6772 ||| Stepping randomly (stuck).
  6773 | D:7      | 6773 ||| Stepping randomly (stuck).
  6775 | D:7      | 6775 ||| Stepping randomly (stuck).
  6777 | D:7      | 6777 ||| Stepping randomly (stuck).
  6779 | D:7      | 6779 ||| Stepping randomly (stuck).
  6781 | D:7      | 6781 ||| Stepping randomly (stuck).
  6782 | D:7      | 6782 ||| Stepping randomly (stuck).
  6783 | D:7      | 6783 ||| Stepping randomly (stuck).
  6785 | D:7      | 6785 ||| Stepping randomly (stuck).
  6786 | D:7      | 6786 ||| Stepping randomly (stuck).
  6787 | D:7      | 6787 ||| Stepping randomly (stuck).
  6788 | D:7      | 6788 ||| Stepping randomly (stuck).
  6790 | D:7      | 6790 ||| Stepping randomly (stuck).
  6792 | D:7      | 6792 ||| Stepping randomly (stuck).
  6794 | D:7      | 6794 ||| Stepping randomly (stuck).
  6796 | D:7      | 6796 ||| Stepping randomly (stuck).
  6797 | D:7      | 6797 ||| Stepping randomly (stuck).
  6798 | D:7      | 6798 ||| Stepping randomly (stuck).
  6799 | D:7      | 6799 ||| Stepping randomly (stuck).
  6800 | D:7      | 6800 ||| Stepping randomly (stuck).
  6802 | D:7      | 6802 ||| Stepping randomly (stuck).
  6804 | D:7      | 6804 ||| Stepping randomly (stuck).
  6805 | D:7      | 6805 ||| Stepping randomly (stuck).
  6806 | D:7      | 6806 ||| Stepping randomly (stuck).
  6807 | D:7      | 6807 ||| Stepping randomly (stuck).
  6809 | D:7      | 6809 ||| Stepping randomly (stuck).
  6811 | D:7      | 6811 ||| Stepping randomly (stuck).
  6813 | D:7      | 6813 ||| Stepping randomly (stuck).
  6814 | D:7      | 6814 ||| Stepping randomly (stuck).
  6816 | D:7      | 6816 ||| Stepping randomly (stuck).
  6818 | D:7      | 6818 ||| Stepping randomly (stuck).
  6820 | D:7      | 6820 ||| Stepping randomly (stuck).
  6822 | D:7      | 6822 ||| Stepping randomly (stuck).
  6824 | D:7      | 6824 ||| Stepping randomly (stuck).
  6826 | D:7      | 6826 ||| Stepping randomly (stuck).
  6828 | D:7      | 6828 ||| Stepping randomly (stuck).
  6830 | D:7      | 6830 ||| Stepping randomly (stuck).
  6832 | D:7      | 6832 ||| Stepping randomly (stuck).
  6834 | D:7      | 6834 ||| Stepping randomly (stuck).
  6836 | D:7      | 6836 ||| Stepping randomly (stuck).
  6837 | D:7      | 6837 ||| Stepping randomly (stuck).
  6838 | D:7      | 6838 ||| Stepping randomly (stuck).
  6840 | D:7      | 6840 ||| Stepping randomly (stuck).
  6842 | D:7      | 6842 ||| Stepping randomly (stuck).
  6844 | D:7      | 6844 ||| Stepping randomly (stuck).
  6845 | D:7      | 6845 ||| Stepping randomly (stuck).
  6846 | D:7      | 6846 ||| Stepping randomly (stuck).
  6848 | D:7      | 6848 ||| Stepping randomly (stuck).
  6850 | D:7      | 6850 ||| Stepping randomly (stuck).
  6851 | D:7      | 6851 ||| Stepping randomly (stuck).
  6853 | D:7      | 6853 ||| Stepping randomly (stuck).
  6855 | D:7      | 6855 ||| Stepping randomly (stuck).
  6856 | D:7      | 6856 ||| Stepping randomly (stuck).
  6858 | D:7      | 6858 ||| Stepping randomly (stuck).
  6860 | D:7      | 6860 ||| Stepping randomly (stuck).
  6862 | D:7      | 6862 ||| Stepping randomly (stuck).
  6863 | D:7      | 6863 ||| Stepping randomly (stuck).
  6865 | D:7      | 6865 ||| Stepping randomly (stuck).
  6867 | D:7      | 6867 ||| Stepping randomly (stuck).
  6869 | D:7      | 6869 ||| Stepping randomly (stuck).
  6871 | D:7      | 6871 ||| Stepping randomly (stuck).
  6873 | D:7      | 6873 ||| Stepping randomly (stuck).
  6874 | D:7      | 6874 ||| Stepping randomly (stuck).
  6875 | D:7      | 6875 ||| Stepping randomly (stuck).
  6877 | D:7      | 6877 ||| Stepping randomly (stuck).
  6879 | D:7      | 6879 ||| Stepping randomly (stuck).
  6880 | D:7      | 6880 ||| Stepping randomly (stuck).
  6882 | D:7      | 6882 ||| Stepping randomly (stuck).
  6884 | D:7      | 6884 ||| Stepping randomly (stuck).
  6885 | D:7      | 6885 ||| Stepping randomly (stuck).
  6887 | D:7      | 6887 ||| Stepping randomly (stuck).
  6889 | D:7      | 6889 ||| Stepping randomly (stuck).
  6890 | D:7      | 6890 ||| Stepping randomly (stuck).
  6892 | D:7      | 6892 ||| Stepping randomly (stuck).
  6894 | D:7      | 6894 ||| Stepping randomly (stuck).
  6895 | D:7      | 6895 ||| Stepping randomly (stuck).
  6897 | D:7      | 6897 ||| Stepping randomly (stuck).
  6899 | D:7      | 6899 ||| Stepping randomly (stuck).
  6901 | D:7      | 6901 ||| Stepping randomly (stuck).
  6902 | D:7      | 6902 ||| Stepping randomly (stuck).
  6904 | D:7      | 6904 ||| Stepping randomly (stuck).
  6906 | D:7      | 6906 ||| Stepping randomly (stuck).
  6907 | D:7      | 6907 ||| Stepping randomly (stuck).
  6909 | D:7      | 6909 ||| Stepping randomly (stuck).
  6911 | D:7      | 6911 ||| Stepping randomly (stuck).
  6913 | D:7      | 6913 ||| Stepping randomly (stuck).
  6915 | D:7      | 6915 ||| Stepping randomly (stuck).
  6916 | D:7      | 6916 ||| Stepping randomly (stuck).
  6917 | D:7      | 6917 ||| Stepping randomly (stuck).
  6918 | D:7      | 6918 ||| Stepping randomly (stuck).
  6920 | D:7      | 6920 ||| Stepping randomly (stuck).
  6921 | D:7      | 6921 ||| Stepping randomly (stuck).
  6922 | D:7      | 6922 ||| Stepping randomly (stuck).
  6924 | D:7      | 6924 ||| Stepping randomly (stuck).
  6925 | D:7      | 6925 ||| Stepping randomly (stuck).
  6926 | D:7      | 6926 ||| Stepping randomly (stuck).
  6928 | D:7      | 6928 ||| Stepping randomly (stuck).
  6930 | D:7      | 6930 ||| Stepping randomly (stuck).
  6931 | D:7      | 6931 ||| Stepping randomly (stuck).
  6932 | D:7      | 6932 ||| Stepping randomly (stuck).
  6933 | D:7      | 6933 ||| Stepping randomly (stuck).
  6934 | D:7      | 6934 ||| Stepping randomly (stuck).
  6935 | D:7      | 6935 ||| Stepping randomly (stuck).
  6937 | D:7      | 6937 ||| Stepping randomly (stuck).
  6939 | D:7      | 6939 ||| Stepping randomly (stuck).
  6941 | D:7      | 6941 ||| Stepping randomly (stuck).
  6942 | D:7      | 6942 ||| Stepping randomly (stuck).
  6943 | D:7      | 6943 ||| Stepping randomly (stuck).
  6945 | D:7      | 6945 ||| Stepping randomly (stuck).
  6947 | D:7      | 6947 ||| Stepping randomly (stuck).
  6948 | D:7      | 6948 ||| Stepping randomly (stuck).
  6949 | D:7      | 6949 ||| Stepping randomly (stuck).
  6950 | D:7      | 6950 ||| Stepping randomly (stuck).
  6951 | D:7      | 6951 ||| Stepping randomly (stuck).
  6953 | D:7      | 6953 ||| Stepping randomly (stuck).
  6955 | D:7      | 6955 ||| Stepping randomly (stuck).
  6957 | D:7      | 6957 ||| Stepping randomly (stuck).
  6958 | D:7      | 6958 ||| Stepping randomly (stuck).
  6960 | D:7      | 6960 ||| Stepping randomly (stuck).
  6962 | D:7      | 6962 ||| Stepping randomly (stuck).
  6963 | D:7      | 6963 ||| Stepping randomly (stuck).
  6965 | D:7      | 6965 ||| Stepping randomly (stuck).
  6966 | D:7      | 6966 ||| Stepping randomly (stuck).
  6967 | D:7      | 6967 ||| Stepping randomly (stuck).
  6968 | D:7      | 6968 ||| Stepping randomly (stuck).
  6970 | D:7      | 6970 ||| Stepping randomly (stuck).
  6972 | D:7      | 6972 ||| Stepping randomly (stuck).
  6974 | D:7      | 6974 ||| Stepping randomly (stuck).
  6976 | D:7      | 6976 ||| Stepping randomly (stuck).
  6977 | D:7      | 6977 ||| Stepping randomly (stuck).
  6978 | D:7      | 6978 ||| Stepping randomly (stuck).
  6980 | D:7      | 6980 ||| Stepping randomly (stuck).
  6981 | D:7      | 6981 ||| Stepping randomly (stuck).
  6982 | D:7      | 6982 ||| Stepping randomly (stuck).
  6984 | D:7      | 6984 ||| Stepping randomly (stuck).
  6986 | D:7      | 6986 ||| Stepping randomly (stuck).
  6987 | D:7      | 6987 ||| Stepping randomly (stuck).
  6989 | D:7      | 6989 ||| Stepping randomly (stuck).
  6991 | D:7      | 6991 ||| Stepping randomly (stuck).
  6993 | D:7      | 6993 ||| Stepping randomly (stuck).
  6995 | D:7      | 6995 ||| Stepping randomly (stuck).
  6997 | D:7      | 6997 ||| Stepping randomly (stuck).
  6999 | D:7      | 6999 ||| Stepping randomly (stuck).
  7000 | D:7      | 7000 ||| Stepping randomly (stuck).
  7001 | D:7      | 7001 ||| Stepping randomly (stuck).
  7002 | D:7      | 7002 ||| Stepping randomly (stuck).
  7004 | D:7      | 7004 ||| Stepping randomly (stuck).
  7006 | D:7      | 7006 ||| Stepping randomly (stuck).
  7007 | D:7      | 7007 ||| Stepping randomly (stuck).
  7008 | D:7      | 7008 ||| Stepping randomly (stuck).
  7009 | D:7      | 7009 ||| Stepping randomly (stuck).
  7010 | D:7      | 7010 ||| Stepping randomly (stuck).
  7011 | D:7      | 7011 ||| Stepping randomly (stuck).
  7012 | D:7      | 7012 ||| Stepping randomly (stuck).
  7013 | D:7      | 7013 ||| Stepping randomly (stuck).
  7015 | D:7      | 7015 ||| Stepping randomly (stuck).
  7017 | D:7      | 7017 ||| Stepping randomly (stuck).
  7018 | D:7      | 7018 ||| Stepping randomly (stuck).
  7020 | D:7      | 7020 ||| Stepping randomly (stuck).
  7021 | D:7      | 7021 ||| Stepping randomly (stuck).
  7022 | D:7      | 7022 ||| Stepping randomly (stuck).
  7024 | D:7      | 7024 ||| Stepping randomly (stuck).
  7026 | D:7      | 7026 ||| Stepping randomly (stuck).
  7027 | D:7      | 7027 ||| Stepping randomly (stuck).
  7029 | D:7      | 7029 ||| Stepping randomly (stuck).
  7031 | D:7      | 7031 ||| Stepping randomly (stuck).
  7032 | D:7      | 7032 ||| Stepping randomly (stuck).
  7034 | D:7      | 7034 ||| Stepping randomly (stuck).
  7036 | D:7      | 7036 ||| Stepping randomly (stuck).
  7038 | D:7      | 7038 ||| Stepping randomly (stuck).
  7039 | D:7      | 7039 ||| Stepping randomly (stuck).
  7040 | D:7      | 7040 ||| Stepping randomly (stuck).
  7042 | D:7      | 7042 ||| Stepping randomly (stuck).
  7044 | D:7      | 7044 ||| Stepping randomly (stuck).
  7046 | D:7      | 7046 ||| Stepping randomly (stuck).
  7048 | D:7      | 7048 ||| Stepping randomly (stuck).
  7050 | D:7      | 7050 ||| Stepping randomly (stuck).
  7051 | D:7      | 7051 ||| Stepping randomly (stuck).
  7052 | D:7      | 7052 ||| Stepping randomly (stuck).
  7053 | D:7      | 7053 ||| Stepping randomly (stuck).
  7054 | D:7      | 7054 ||| Stepping randomly (stuck).
  7056 | D:7      | 7056 ||| Stepping randomly (stuck).
  7058 | D:7      | 7058 ||| Stepping randomly (stuck).
  7059 | D:7      | 7059 ||| Stepping randomly (stuck).
  7061 | D:7      | 7061 ||| Stepping randomly (stuck).
  7062 | D:7      | 7062 ||| Stepping randomly (stuck).
  7064 | D:7      | 7064 ||| Stepping randomly (stuck).
  7066 | D:7      | 7066 ||| Stepping randomly (stuck).
  7068 | D:7      | 7068 ||| Stepping randomly (stuck).
  7069 | D:7      | 7069 ||| Stepping randomly (stuck).
  7070 | D:7      | 7070 ||| Stepping randomly (stuck).
  7072 | D:7      | 7072 ||| Stepping randomly (stuck).
  7073 | D:7      | 7073 ||| Stepping randomly (stuck).
  7074 | D:7      | 7074 ||| Stepping randomly (stuck).
  7076 | D:7      | 7076 ||| Stepping randomly (stuck).
  7077 | D:7      | 7077 ||| Stepping randomly (stuck).
  7078 | D:7      | 7078 ||| Stepping randomly (stuck).
  7080 | D:7      | 7080 ||| Stepping randomly (stuck).
  7081 | D:7      | Quit the game

Levels and vault maps discovered:
D:1:      minmay_arrival_arboretum_small, layout_loops_corners
D:2:      layout_basic, shapermc_ecumenical_altar_mp_highgroup
D:3:      layout_basic, mainiacjoe_overflow_surrounded_room,
          serial_bayou_pond_b, uniq_terence, uniq_natasha, uniq_sigmund,
          uniq_ijyb
D:4:      layout_loops_ring, tso_oasis_becter, mainiacjoe_overflow_paths,
          serial_bayou, serial_bayou_pond_b, serial_bayou_shore_a,
          serial_bayou_pond_e, serial_bayou_lagoon_a, lemuel_old_faithful
D:5:      layout_rooms, old_standard_altar, minmay_temple_entry_tees,
          serial_glass, glass_columns_c, glass_columns_c, uniq_eustachio,
          uniq_prince_ribbit1
D:6:      layout_loops_corners, minivault_23
D:7:      layout_basic, minmay_puff, uniq_menkaure, uniq_duvessa

Skill      XL: |  1  2  3  4  5  6  7  8 |
---------------+-------------------------+-----
Unarmed Combat | 4 5 7 8 9 10 | 10.9
Fighting       | 3 4 |  4.2
Throwing       | 1 |  1.1
Dodging        | 1 |  1.1
Spellcasting   | |  1.0
Fire Magic     | |  2.1

Action                   |  1- 3 |  4- 6 |  7- 9 || total
-------------------------+-------+-------+-------++-------
Melee: Unarmed           |    84 |    71 |    85 ||   240
       Punch             |       |     1 |     2 ||     3
Throw: Boomerang         |       |    31 |    54 ||    85
Invok: Fiery Armour      |       |     2 |     2 ||     4
  Use: Scroll            |     3 |     6 |     4 ||    13
       Potion            |       |     2 |     3 ||     5
Armor: Robe              |    37 |    11 |    15 ||    63
Dodge: Dodged            |    37 |    18 |    25 ||    80

Table legend:
 A = Non-vault XP
 B = Vault XP
 C = Vault XP percentage of total XP
 D = Non-vault monster count
 E = Vault monster count
 F = Vault count percentage of total count
                 A         B        C        D         E       F
            +---------+---------+-------+---------+---------+-------
      Total |    1852 |     812 |  30.5 |      80 |      12 |  13.0
            +---------+---------+-------+---------+---------+-------
        D:1 |      27 |       0 |   0.0 |      14 |       0 |   0.0
        D:2 |     191 |       0 |   0.0 |      15 |       0 |   0.0
        D:3 |     193 |     303 |  61.1 |      18 |       6 |  25.0
        D:4 |     150 |      65 |  30.2 |      10 |       4 |  28.6
        D:5 |     414 |     444 |  51.7 |       6 |       2 |  25.0
        D:6 |     468 |       0 |   0.0 |      11 |       0 |   0.0
        D:7 |     409 |       0 |   0.0 |       6 |       0 |   0.0
            +---------+---------+-------+---------+---------+-------
